 Dungeon Crawl Stone Soup version 0.32-a0-433-g08bcfe7efd (webtiles) character file.

Game seed: 7534894289040785940

38 PriceMaster the Magician (level 3, -4/16 HPs)
             Began as a Spriggan Earth Elementalist on Feb 23, 2024.
             Slain by a gnoll
             ... wielding a +0 flail
              (13 damage)
             ... on level 2 of the Dungeon.
             The game lasted 00:01:08 (1014 turns).

PriceMaster the Magician (SpEE)                     Turns: 1014, Time: 00:01:09

Health: -4/16      AC:  2    Str:  4    XL:     3   Next: 25%
Magic:  5/9        EV: 17    Int: 18    God:
Gold:   64         SH:  0    Dex: 15    Spells: 8/9 levels left

rFire   . . .        b - +0 spear
rCold   . . .        (no shield)
rNeg    . . .        a - +0 robe
rPois   .            (helmet restricted)
rElec   .            (no cloak)
rCorr   .            (gloves unavailable)
SInv    +            (boots unavailable)
Will    .....        (no amulet)
Stlth   ++           (no ring)
HPRegen 0.22/turn    (no ring)
MPRegen 0.11/turn

%: no passive effects
@: very quick
A: very small, no large weapons, unfitting armour, see invisible, speed 3
a: no special abilities


You were on level 2 of the Dungeon.
You visited 1 branch of the dungeon, and saw 2 of its levels.

You collected 64 gold pieces.

Inventory:

Hand Weapons
 b - a +0 spear (weapon)
Armour
 a - a +0 robe (worn)
Scrolls
 c - a scroll of noise {unknown}
 e - 2 scrolls of enchant armour {unknown}
 f - a scroll of teleportation {unknown}
 h - a scroll of vulnerability {unknown}
Potions
 d - a potion of brilliance {unknown}
 g - a potion of heal wounds {unknown}


   Skills:
 + Level 2.8 Dodging
 + Level 3.3 Stealth
 + Level 3.8 Spellcasting
 + Level 0.7 Conjurations
 + Level 3.1 Earth Magic


You had 8 spell levels left.
You knew the following spells:

 Your Spells              Type           Power      Damage    Failure   Level
a - Sandblast             Erth           28%        2d8       4%          1

Your spell library contained the following spells:

 Spells                   Type           Power      Damage    Failure   Level
 Passwall                 Erth           14%        N/A       12%         3
 Necrotise                Necr           12%        1d4       16%         1
 Static Discharge         Conj/Air       8%         3-4/arc   21%         2
 Stone Arrow              Conj/Erth      20%        3d8       21%         3
 Vampiric Draining        Necr           3%         2d6       41%         3
 Brom's Barrelling Bould  Conj/Erth      10%        2d3       56%         4
 Petrify                  Alch/Erth      9%         N/A       61%         4
 Airstrike                Air            1%         2d(1-17)  83%         4
 Martyr's Knell           Necr/Summ      3%         N/A       83%         4
 Summon Lightning Spire   Summ/Air       3%         N/A       83%         4
 Curse of Agony           Necr           3%         N/A       99%         5


Dungeon Overview and Level Annotations

Branches:
Dungeon (2/15)

Altars:


Innate Abilities, Weirdness & Mutations

You are very small and have problems with some larger weapons.
You are too small for most types of armour.
You have supernaturally acute eyesight. (SInv)
You cover ground extremely quickly. (Speed+++)


Message History

A gnoll is nearby! 2 gnolls come into view.
A giant cockroach comes into view.
You see here a scroll labelled GUIXAP CAKAFY.
You can't see any susceptible monsters within range! (Use Z to cast anyway.)
You can't see any susceptible monsters within range! (Use Z to cast anyway.)
A gnoll comes into view. It is wielding a +0 flail.
The gnoll shouts!
The blast of sand hits the gnoll!
The gnoll is severely wounded.
The gnoll shouts! x2
The blast of sand hits the gnoll.
The gnoll is almost dead.
The gnoll completely misses you.
You see here a scroll labelled GUIXAP CAKAFY.
h - a scroll labelled GUIXAP CAKAFY The blast of sand hits the gnoll!
You kill the gnoll!
The gnoll attacks as it pursues you! The gnoll misses you.
The gnoll attacks as it pursues you! The gnoll hits you with a +0 flail!
Ouch! That really hurt!
Casting: Sandblast (safe; 4% risk of failure)
Confirm with . or Enter, or press ? or * to list all spells.
You don't know that spell.
Casting: Sandblast (safe; 4% risk of failure)
Confirm with . or Enter, or press ? or * to list all spells.
Aiming: Sandblast (safe; 4% risk of failure)
Press: ? - help, Shift-Dir - straight line, f - gnoll
Aim: a gnoll, wielding a +0 flail (84% to hit)
The blast of sand hits the gnoll.
The gnoll is moderately wounded.
Casting: Sandblast (safe; 4% risk of failure)
Confirm with . or Enter, or press ? or * to list all spells.
Aiming: Sandblast (safe; 4% risk of failure)
Press: ? - help, Shift-Dir - straight line, f/p - gnoll
Aim: a gnoll, wielding a +0 flail (moderately wounded, 84% to hit)
The blast of sand hits the gnoll.
The gnoll is severely wounded.
The gnoll hits you with a +0 flail!
Ouch! That really hurt!
You die...

#.#### #.#... #.##.# # #.##.#
.# #.##.# ..#
############.##.# ...#
...........#.##.# .....
.............##.########.....#
..............@gB.gg.)........
##########.####.##############
#.# #.# #.# #.# #.# #.# #.#
#.# #.# #.# #.# #.. #.###


You could see 3 gnolls and a giant cockroach.

Vanquished Creatures
  2 gnolls
  3 bats (D:1)
  3 endoplasms (D:1)
  2 giant cockroaches (D:1)
  A goblin (D:1)
  2 hobgoblins (D:1)
  2 ball pythons
  A kobold (D:1)
  3 rats (D:1)
19 creatures vanquished.

Notes
Turn   | Place    | Note
-------+----------+-------------------------------------------
     0 | D:1      | PriceMaster the Spriggan Earth Elementalist began the quest
                  | for the Orb.
     0 | D:1      | Reached XP level 1. HP: 9/9 MP: 5/5
   158 | D:1      | Reached XP level 2. HP: 13/13 MP: 0/7
   966 | D:2      | Reached XP level 3. HP: 16/16 MP: 7/9
  1014 | D:2      | Slain by a gnoll

Illustrated notes

Levels and vault maps discovered:
D:1:      dpeg_arrival_short_road, layout_basic
D:2:      cheibrodos_helix_gallery, layout_basic, serial_forest,
          infiniplex_forest_clump_small, infiniplex_forest_straight_4,
          infiniplex_forest_clump_curved, infiniplex_forest_clump_tiny,
          infiniplex_forest_straight_5, infiniplex_forest_lined_corner

Skill      XL: |  1  2 |
---------------+-------+-----
Spellcasting   | 3 |  3.8
Earth Magic    | 3 |  3.1
Dodging        | |  2.8
Stealth        | |  3.3
Conjurations   | |  0.7

Action                     || total
---------------------------++-------
  Melee: Spear             ||     1
   Cast: Sandblast         ||    29
    Use: Potion            ||     1
 Armour: Robe              ||     3
  Dodge: Dodged            ||     7

Table legend: (Time is in decaauts)
 A = Elapsed time spent in this place.
 B = Non-inter-level travel time spent in this place.
 C = Inter-level travel time spent in this place.
 D = Time resting spent in this place.
 E = Time spent auto-exploring this place.
 F = Levels seen in this place.
 G = Mean time per level.
                   A        B        C        D        E       F      G
               +--------+--------+--------+--------+--------+-----+--------+
         Total |    709 |    678 |     31 |      0 |    580 |   2 |  354.5 |
       Dungeon |    709 |    678 |     31 |      0 |    580 |   2 |  354.5 |
               +--------+--------+--------+--------+--------+-----+--------+

Top non-repeatable levels by time:
     D:1: 660 daAuts
     D:2: 49 daAuts
